 Dungeon Crawl Stone Soup version 0.29.1-2-gbd0b4ee654 (webtiles) character file.

Game seed: 10516147851495508768

76 Sabo the Trooper (level 4, -7/37 HPs)
             Began as a Demonspawn Berserker on Nov 23, 2022.
             Was a Believer of Trog.
             Mangled by an ice beast (10 damage)
             ... on level 3 of the Dungeon.
             The game lasted 00:10:24 (2518 turns).

Sabo the Trooper (Demonspawn Berserker)             Turns: 2518, Time: 00:10:25

Health: -7/37      AC:  5    Str: 19    XL:     4   Next: 12%
Magic:  4/4        EV: 11    Int:  8    God:    Trog [**....]
Gold:   148        SH:  0    Dex: 13    Spells: 3/3 levels left

rFire   . . .      SeeInvis .   d - +1 spear (freeze)
rCold   . . .      Faith    .   (no shield)
rNeg    . . .      Spirit   .   k - +0 ring mail
rPois   .          Reflect  .   (no helmet)
rElec   .          Harm     .   (no cloak)
rCorr   .          Rampage  .   (no gloves)
Will    .....                   (no boots)
Stlth   +.........              (no amulet)
HPRegen 0.12/turn               (no ring)
MPRegen 0.09/turn               (no ring)

@: no status effects
A: hooves 1, ignite blood 1
a: Renounce Religion, Berserk, Trog's Hand


You were on level 3 of the Dungeon.
You worshipped Trog.
Trog was pleased with you.
You visited 1 branch of the dungeon, and saw 3 of its levels.

You collected 148 gold pieces.

Inventory:

Hand Weapons
 a - a +0 hand axe
 c - a +2 short sword of venom
 d - a +1 spear of freezing (weapon)
Missiles
 n - 3 boomerangs (quivered)
 o - 2 poisoned darts
Armour
 k - a +0 ring mail (worn)
Wands
 p - a wand of iceblast (11)
Scrolls
 e - 2 scrolls of enchant armour
 g - a scroll of fear
 m - a scroll of magic mapping
Potions
 f - 3 potions of heal wounds
 i - a potion of mutation
 j - a potion of haste {unknown}
 l - a potion of magic {unknown}


   Skills:
 + Level 3.8 Fighting
 + Level 3.1(3.2) Axes
 + Level 1.0(2.2) Polearms
 + Level 2.0 Armour
 + Level 2.2 Dodging
 + Level 0.9 Stealth


You had 3 spell levels left.
You didn't know any spells.
Your spell library was empty.

Dungeon Overview and Level Annotations

Branches:
Dungeon (3/15)

Altars:


Innate Abilities, Weirdness & Mutations

You have large cloven feet.
Your demonic aura sometimes causes spilled blood to erupt in flames.


Message History

The endoplasm barely misses you.
You hit the endoplasm but do no damage.
The endoplasm hits you but does no damage.
You hit the endoplasm. You freeze the endoplasm.
You kill the endoplasm!
Trog accepts your kill.
An ice beast comes into view.
Found a fabulously ornate robe.
You hit the ice beast. Your punch misses the ice beast.
The ice beast is lightly wounded.
The ice beast hits you but does no damage.
You barely miss the ice beast.
You kick the ice beast, but do no damage.
The ice beast is lightly wounded.
The ice beast closely misses you.
You closely miss the ice beast.
The ice beast is lightly wounded.
The ice beast hits you. The ice beast freezes you!
You closely miss the ice beast. You kick the ice beast.
The ice beast is lightly wounded.
The ice beast closely misses you.
You hit the ice beast but do no damage. You kick the ice beast.
The ice beast is moderately wounded.
The ice beast misses you.
You hit the ice beast but do no damage.
The ice beast is moderately wounded.
The ice beast hits you but does no damage.
You closely miss the ice beast.
The ice beast is moderately wounded.
The ice beast hits you. The ice beast freezes you!
You hit the ice beast but do no damage. You kick the ice beast.
The ice beast is heavily wounded.
The ice beast hits you. The ice beast freezes you!
* * * LOW HITPOINT WARNING * * *
You hit the ice beast but do no damage.
The ice beast is heavily wounded.
The ice beast hits you.
* * * LOW HITPOINT WARNING * * *
The ice beast freezes you!
You die...

#. ..# #.## #.#
### # #[.. ..#
...
.##..#####.##.#
.............#
#..# #.....###..
#.Y####.........
#.@......#
########.# #.#
##'## ##<..##
##.....##
##.......##
#.........#
+.........+


You could see an ice beast.

Vanquished Creatures
  2 adders (D:2)
  4 ball pythons
  5 endoplasms
  3 giant cockroaches
  6 goblins
  4 hobgoblins
  5 jackals
  9 kobolds
  2 quokkas
  6 bats
  2 frilled lizards (D:2)
  2 rats (D:1)
50 creatures vanquished.

Notes
Turn   | Place    | Note
-------+----------+-------------------------------------------
     0 | D:1      | Sabo the Demonspawn Berserker began the quest for the Orb.
     0 | D:1      | Reached XP level 1. HP: 18/18 MP: 1/1
   305 | D:1      | Gained mutation: You have large cloven feet. [demonic
                  | ancestry]
   305 | D:1      | Reached XP level 2. HP: 15/24 MP: 2/2
   824 | D:1      | Found a faded altar of an unknown god.
  1349 | D:2      | Reached XP level 3. HP: 28/29 MP: 3/3
  1350 | D:2      | Reached ** piety under Trog
  2116 | D:2      | Reached skill level 1 in Polearms
  2344 | D:2      | Gained mutation: Your demonic aura sometimes causes spilled
                  | blood to erupt in flames. [demonic ancestry]
  2344 | D:2      | Reached XP level 4. HP: 36/37 MP: 4/4
  2508 | D:3      | Noticed an ice beast
  2518 | D:3      | Mangled by an ice beast

Illustrated notes

Levels and vault maps discovered:
D:1:      amcnicky_arrival_single_pillar, layout_basic,
          dreamdust_ecumenical_altar_angels_and_demons
D:2:      layout_rooms, roderic_lattice_a
D:3:      layout_loops_corners

Skill      XL: |  1  2  3 |
---------------+----------+-----
Armour         | 2 |  2.0
Axes           | 3 |  3.1
Dodging        | 2 |  2.2
Polearms       | 1 |  1.0
Fighting       | |  3.8
Stealth        | |  0.9

Action                   |  1- 3 |  4- 6 || total
-------------------------+-------+-------++-------
Melee: Spear             |    94 |    21 ||   115
       Hand axe          |     2 |       ||     2
       Kick              |    12 |     6 ||    18
       Punch             |     1 |       ||     1
Invok: Berserk           |     1 |       ||     1
  Use: Scroll            |     5 |     2 ||     7
 Stab: Sleeping          |     2 |       ||     2
Armor: Animal skin       |    19 |       ||    19
       Ring mail         |     9 |     4 ||    13
Dodge: Dodged            |    73 |     8 ||    81
